 Dungeon Crawl Stone Soup version 0.21.1-1-g345015fe64 (webtiles) character file.

136 Loge the Insei (level 4, 0/35 HPs)
             Began as a Draconian Transmuter on July 17, 2018.
             Was an Initiate of Wu Jian.
             Killed by divine providence
             ... invoked by an orc priest
              (8 damage)
             ... on level 3 of the Dungeon.
             The game lasted 00:07:56 (3653 turns).

Loge the Insei (Draconian Transmuter)               Turns: 3653, Time: 00:07:57

Health: 0/35       AC:  5    Str: 12    XL:     4   Next: 98%
Magic:  2/7        EV: 12    Int: 14    God:    Wu Jian [......]
Gold:   131        SH:  0    Dex: 12    Spells: 1/7 levels left

rFire    . . .     SeeInvis .     - Unarmed
rCold    . . .     Gourm    .   (no shield)
rNeg     . . .     Faith    .   (armour unavailable)
rPois    .         Spirit   .   (helmet restricted)
rElec    .         Reflect  .   (no cloak)
rCorr    .         Harm     .   (no gloves)
MR       .....                  (no boots)
Stlth    +.........             (no amulet)
HPRegen  0.11/turn              (no ring)
MPRegen  0.10/turn              (no ring)

@: very slightly contaminated, drained
A: unfitting armour, cold-blooded, AC +5
a: Renounce Religion


You were on level 3 of the Dungeon.
You worshipped Wu Jian.
Wu Jian was noncommittal.
You were hungry.

You visited 1 branch of the dungeon, and saw 3 of its levels.

You collected 131 gold pieces.

Inventory:

Missiles
 a - 21 arrows
 n - 75 stones (quivered)
Jewellery
 e - an uncursed ring of resist corrosion {unknown}
Scrolls
 d - 3 scrolls of identify {unknown}
 f - 3 scrolls of teleportation {unknown}
 i - a scroll of amnesia {unknown}
 j - a scroll of remove curse {unknown}
 k - a scroll of fog {unknown}
 r - a scroll of noise {unknown}
Potions
 h - a potion of magic {unknown}
 l - a potion of curing {unknown}
 m - a potion of ambrosia {unknown}
 o - 2 potions of brilliance {unknown}
 p - a potion of haste {unknown}
 q - a potion of degeneration {unknown}
Books
 b - a book of Changes

   Spells                             Type                      Level
   a - Beastly Appendage              Transmutation                1
   b - Sticks to Snakes               Transmutation                2
   c - Spider Form                    Transmutation/Poison         3
   d - Ice Form                       Ice/Transmutation            4
   e - Blade Hands                    Transmutation                5
Comestibles
 c - 4 rations
 g - 4 chunks of flesh


   Skills:
 - Level 1.1(0.4) Fighting
 - Level 1.7(1.1) Dodging
 * Level 5.0(4.3) Unarmed Combat
 - Level 2.0(1.3) Spellcasting
 + Level 3.3(2.6) Transmutations


You had one spell level left.
You knew the following spells:

 Your Spells              Type           Power        Failure   Level  Hunger
a - Beastly Appendage     Tmut           #.....       9%          1    ##.....
b - Sticks to Snakes      Tmut           #.......     13%         2    ###....
c - Spider Form           Tmut/Pois      #.........   41%         3    ####...


Dungeon Overview and Level Annotations

Branches:
Dungeon (3/15)

Altars:
Ashenzari
Wu Jian

Annotations:
D:3 Sigmund


Innate Abilities, Weirdness & Mutations

Your plain brown scales are hard. (AC +5)
You cannot fit into any form of body armour.
You are cold-blooded and may be slowed by cold attacks.


Message History

You miss the bat.
The bat is moderately wounded.
The bat closely misses you.
You can't go down here!
You close the door.
The bat misses you.
You hit the bat.
Your tail-slap misses the bat.
The bat is severely wounded.
The bat closely misses you.
An orc wizard opens the door.
The bat barely misses you. The orc wizard casts a spell at you.
The magic dart hits you!
* * * LOW HITPOINT WARNING * * *
The bat closely misses you.
You lunge at the bat.
You hit the bat.
You kill the bat!
The Council accepts your kill.
The orc wizard is no longer moving quickly.
The orc priest invokes the aid of Beogh against you.
Beogh smites you!
You die...

#.####.#.# #.# #.# ##.####.#.#
#.# #.# ..........# ##+## #.#
.#.#.##..## ##...## #.# #.#.##..#
##.....## #.## #.#.#...#
##.......## ##..#
#.......###.........####...#####
###.......+.........'...........
.###.....###....@....####...#####
.........# ##.......## #......#
####.##### ##..o..## #.#.##รท#
#.# ##...## #.#.##.# #.# ##o##
#.#.##.# #.# #.# #.#.##.# #.#
#####.### #.#.##.# #.#
####....o..######.#.##.#
#.####.......o...........>..#


You could see an orc priest and 2 orc wizards.

Vanquished Creatures
  Natasha (twice) (D:2)
  An ooze (D:2)
  2 dart slugs
  2 leopard geckos (D:2)
  4 orcs (D:3)
  3 giant cockroaches
  8 goblins
  9 hobgoblins
  7 jackals
  2 quokkas (D:2)
  9 bats
  5 frilled lizards
  4 kobolds
  7 rats
65 creatures vanquished.

Vanquished Creatures (collateral kills)
  Natasha (D:2)
  A giant cockroach (D:1)
  A jackal (D:1)
  A kobold (D:1)
4 creatures vanquished.

Grand Total: 69 creatures vanquished

Notes
Turn   | Place    | Note
-------+----------+-------------------------------------------
     0 | D:1      | Loge the Draconian Transmuter began the quest for the Orb.
     0 | D:1      | Reached XP level 1. HP: 16/16 MP: 3/3
     9 | D:1      | Noticed an electric eel
   537 | D:1      | Reached XP level 2. HP: 23/23 MP: 3/5
   576 | D:1      | Learned a level 2 spell: Sticks to Snakes
  1275 | D:1      | Reached XP level 3. HP: 26/28 MP: 6/6
  1280 | D:1      | Learned a level 3 spell: Spider Form
  1461 | D:2      | Reached skill level 4 in Unarmed Combat
  1496 | D:2      | Found a shattered altar of Ashenzari.
  1753 | D:2      | Found an ornate altar of the Wu Jian Council.
  2300 | D:2      | Became a worshipper of the Wu Jian Council
  2315 | D:3      | Noticed Sigmund
  2321 | D:3      | Noticed Natasha
  2516 | D:2      | Killed Natasha
  2516 | D:2      | Reached XP level 4. HP: 7/35 MP: 2/7
  2816 | D:2      | Found a shattered altar of Ashenzari.
  2843 | D:2      | Noticed Natasha
  2850 | D:2      | Killed Natasha
  2877 | D:2      | Found an ornate altar of the Wu Jian Council.
  3091 | D:2      | Noticed Natasha
  3103 | D:2      | Killed Natasha
  3467 | D:3      | Reached skill level 5 in Unarmed Combat
  3653 | D:3      | Killed from afar by an orc priest

Skill      XL: |  1  2  3  4 |
---------------+-------------+-----
Unarmed Combat | 4 5 |  5.0
Transmutations | 3 |  3.3
Fighting       | |  1.1
Dodging        | |  1.7
Spellcasting   | |  2.0

Action                   |  1- 3 |  4- 6 || total
-------------------------+-------+-------++-------
Melee: Unarmed           |   178 |    49 ||   227
       Tailslap          |    14 |     6 ||    20
       Headbutt          |     8 |     2 ||    10
       Kick              |    13 |     2 ||    15
       Punch             |     3 |       ||     3
 Cast: Beastly Appendage |    32 |     9 ||    41
       Sticks to Snakes  |     3 |     6 ||     9
Invok: Lunge             |       |     4 ||     4
 Stab: Sleeping          |       |     1 ||     1
  Eat: Chunk             |     6 |     4 ||    10
Armor: Skin              |    71 |    25 ||    96
Dodge: Dodged            |   131 |    41 ||   172
